 Dungeon Crawl Stone Soup version 0.21-a0-591-g2314aa112c (webtiles) character file.

125647 Blackbelt the Spry (level 17, -15/133 HPs)
             Began as a Formicid Fighter on Dec 22, 2017.
             Was an Initiate of Gozag.
             Killed from afar by a deep elf mage (24 damage)
             ... with an orb of energy
             ... on level 3 of the Elven Halls.
             The game lasted 01:46:39 (33108 turns).

Blackbelt the Spry (Formicid Fighter)              Turns: 33108, Time: 01:46:40

Health: -15/133    AC: 19    Str: 28    XL:     17   Next: 51%
Magic:  17/17      EV: 28    Int: 11    God:    Gozag
Gold:   784        SH:  8    Dex: 19    Spells: 16/16 levels left

rFire    + . .     SeeInvis +   q - +7 lajatang of Ceydyod {freeze, -Tele rPois MR+ Int+4}
rCold    + + +     Gourm    .   i - +0 buckler of the Shining Light {rElec Stlth+}
rNeg     + . .     Faith    .   e - +7 Kryia's mail coat {PotionHeal*2 rC+}
rPois    +         Spirit   .   (helmet unavailable)
rElec    +         Reflect  .   J - +0 cloak {MR+}
rCorr    +         Harm     .   r - +0 pair of gloves
MR       ++++.                  (no boots)
Stlth    ++........             A - amulet "Ucamups" {+Rage rC+ rN+ Str+3}
HPRegen  0.32/turn              T - ring of protection from magic
MPRegen  0.15/turn              I - ring of poison resistance

@: agile, resistant, flying, very slightly contaminated, invisible
A: permanent stasis, dig shafts and tunnels, four strong arms, antennae 3
a: Dig, Shaft Self, Potion Petition, Call Merchant, Bribe Branch, Renounce
Religion


You were on level 3 of the Elven Halls.
You worshipped Gozag.
Gozag was pleased with you.
You were not hungry.

You visited 5 branches of the dungeon, and saw 27 of its levels.

You collected 9804 gold pieces.
You spent 3664 gold pieces at shops.
You paid 5356 gold pieces to Gozag.

Inventory:

Hand Weapons
 p - the +9 mace of Severance {crush, MR++}
   (You bought it in a shop on level 1 of the Orcish Mines)

   It inflicts extra damage upon your enemies.
   It affects your resistance to hostile enchantments.
 q - the +7 lajatang of Ceydyod (weapon) {freeze, -Tele rPois MR+ Int+4}
   (You took it off a wight on level 12 of the Dungeon)

   It has been specially enchanted to freeze those struck by it, causing extra
   injury to most foes and up to half again as much damage against particularly
   susceptible opponents.
   It can also slow down cold-blooded creatures.
   It affects your intelligence (+4).
   It protects you from poison.
   It affects your resistance to hostile enchantments.
   It prevents most forms of teleportation.
 H - a +6 great mace of venom
Armour
 c - a +0 shield
 e - the +7 Kryia's mail coat (worn) {PotionHeal*2 rC+}
   (You bought it in a shop on level 6 of the Lair of Beasts)

   It protects you from cold.
 i - the +0 buckler of the Shining Light (worn) {rElec Stlth+}
   (You found it on level 14 of the Dungeon)

   It insulates you from electricity.
   It makes you more stealthy.
 r - a +0 pair of gloves (worn)
 s - the +7 chain mail "Inlokh" {Regen+}
   (You bought it in a shop on level 12 of the Dungeon)

   It increases your rate of regeneration.
 t - the +4 ring mail of Jefon {rElec rN+ Stlth+}
   (You found it on level 12 of the Dungeon)

   It insulates you from electricity.
   It protects you from negative energy.
   It makes you more stealthy.
 D - the +5 ring mail "Lusadul" {+Blink rPois rF++ Int-5}
   (You bought it in a shop on level 1 of the Lair of Beasts)

   It affects your intelligence (-5).
   It greatly protects you from fire.
   It protects you from poison.
   It lets you blink.
 J - a +0 cloak of magic resistance (worn)
Jewellery
 h - a +3 amulet of reflection
 o - a cursed amulet of inaccuracy {unknown}
 z - an uncursed ring of flight
 A - the amulet "Ucamups" (around neck) {+Rage rC+ rN+ Str+3}
   (You found it on level 3 of the Lair of Beasts)

   [amulet of rage]

   It affects your strength (+3).
   It protects you from cold.
   It protects you from negative energy.
   It lets you go berserk.
 I - a ring of poison resistance (right hand)
 K - an uncursed amulet of regeneration {unknown}
 T - a ring of protection from magic (left hand)
 V - an uncursed ring of stealth {unknown}
 X - the amulet of Veck {+Rage +Inv rElec rPois Dex+3}
   (You found it on level 15 of the Dungeon)

   [amulet of rage]

   It affects your dexterity (+3).
   It insulates you from electricity.
   It protects you from poison.
   It lets you turn invisible.
   It lets you go berserk.
 Y - a +4 ring of intelligence {unknown}
 Z - a +4 ring of intelligence {unknown}
Wands
 d - a wand of paralysis (12)
 l - a wand of disintegration (24)
 v - a wand of iceblast (8)
 y - a wand of random effects (36)
 F - a wand of digging (10)
 G - a wand of flame (62)
 M - a wand of enslavement (17)
 R - a wand of scattershot (7)
Scrolls
 a - 3 scrolls of enchant armour
 b - 5 scrolls of remove curse
 j - 4 scrolls of fear
 n - 7 scrolls of identify
 w - a scroll of vulnerability
 C - 5 scrolls of amnesia
 P - a scroll of fog
 Q - a scroll of magic mapping
Potions
 g - a potion of resistance
 k - 5 potions of curing
 m - 2 potions of flight
 u - a potion of might
 x - 4 potions of cancellation
 B - 4 potions of agility
 E - a potion of magic
 L - a potion of invisibility
 N - 2 potions of brilliance
 O - a potion of ambrosia
Miscellaneous
 W - a lightning rod (4/4)
Comestibles
 f - 19 rations


   Skills:
 - Level 11.8 Fighting
 - Level 12.4(14.2) Maces & Flails
 + Level 12.0(14.0) Staves
 - Level 13.0 Armour
 - Level 15.2 Dodging
 - Level 12.1 Shields


You had 16 spell levels left.
You didn't know any spells.

Dungeon Overview and Level Annotations

Branches:
Dungeon (15/15) Temple (1/1) D:5 Lair (6/6) D:9 Shoals (0/4) Lair:2 Spider (0/4) Lair:4 Slime (0/5) Lair:6 Orc (2/2) D:9 Elf (2/3) Orc:2 Vaults (0/5) D:12 D:13 Depths (0/5) D:15

Altars:
Ashenzari
Cheibriados
Dithmenos
Elyvilon
Fedhas
Gozag
Hepliaklqana
Kikubaaqudgha
Makhleb
Nemelex Xobeh
Okawaru
Qazlal
Ru
Sif Muna
Trog
Uskayaw
Vehumet
Wu Jian
Xom
Yredelemnul
Zin
The Shining One
Beogh
Jiyva

Shops:
D:12 *([*   D:13 !   Orc:1 (   Orc:2 *::=   Lair:1 [   Lair:6 *


Innate Abilities, Weirdness & Mutations

You cannot be hasted, slowed, berserked, paralysed or teleported.
You can dig through walls and to a lower floor.
Your four strong arms can wield two-handed weapons with a shield.
You have a pair of large antennae on your head. (SInv)


Message History

The deep elf blademaster convulses!
The deep elf sorcerer convulses!
The deep elf death mage convulses!
The deep elf annihilator convulses!
The deep elf demonologist convulses!
The deep elf elementalist convulses! x2
The tarantella convulses!
The deep elf mage convulses!
The deep elf death mage convulses!
The deep elf annihilator convulses!
The deep elf archer convulses!
The Executioner hits you but does no damage.
The Executioner completely misses you. You block the Executioner's attack.
The deep elf blademaster hits you with a rapier!
* * * LOW HITPOINT WARNING * * *
The deep elf blademaster closely misses you.
The deep elf sorcerer hits you but does no damage.
The deep elf mage points at you and mumbles some strange words.
The orb of energy hits the deep elf sorcerer.
The orb of energy explodes!
The mystic blast hits the deep elf annihilator.
The mystic blast hits the deep elf death mage.
The mystic blast hits the Executioner.
The mystic blast hits you!
You die...
Your body crumbles into a pile of gold.

{ $ { # {
{e# { #e#
###..#
#e@1.#
#.eee.#
#......#
ยง.e.....#
e.(.......#
..........#
es..e.e..##
..ee....##


You could see a deep elf blademaster, 2 deep elf annihilators, 2 deep elf death
magi, an Executioner, a deep elf sorcerer, 2 deep elf elementalists, a deep elf
demonologist, a deep elf archer (wandering), a deep elf knight (wandering), a
deep elf high priest (wandering), a deep elf mage, a tarantella (wandering) and
a war axe of pain (wandering).

Vanquished Creatures
  Saint Roka (Orc:2)
  Rupert (D:13)
  Gastronok (D:9)
  Frances (D:12)
  An orc warlord (D:9)
  A deep elf elementalist (Elf:1)
  A deep elf annihilator (Elf:1)
  The ghost of nago the Thaumaturge, a journeyman GnEE of Kikubaaqudgha (D:12)
  Snorg (Lair:5)
  A fire dragon (D:15)
  A catoblepas (D:13)
  7 hydras
  2 ice dragons (D:15)
  A merfolk avatar (Lair:6)
  4 centaur warriors
  2 death yaks (Lair:6)
  A death knight (D:14)
  An anaconda (Lair:6)
  4 tengu warriors
  7 two-headed ogres
  5 orc high priests (Orc:2)
  Urug (D:13)
  The ghost of LarsimusPrime the Cleaver, a novice MiBe of Trog (D:8)
  2 deep elf knights (Elf:1)
  Nergalle (Lair:3)
  5 skeletal warriors (D:12)
  A sea snake (Lair:6)
  A deep elf archer (Elf:1)
  A harpy (shapeshifter) (Elf:1)
  4 orc knights (Orc:2)
  5 orc sorcerers (Orc:2)
  2 phantasmal warriors (D:14)
  6 ugly things
  11 deep elf magi
  4 cyclopes
  2 manticores (D:15)
  A merfolk siren (Lair:2)
  A centaur zombie (D:14)
  3 black mambas
  12 elephants
  Joseph (D:9)
  Maurice (D:13)
  A torpor snail (Lair:6)
  4 gargoyles
  5 orange demons (D:10)
  11 spiny frogs
  6 rime drakes
  5 kobold demonologists
  3 yaktaurs (D:15)
  14 komodo dragons
  2 red devils (D:10)
  5 polar bears
  A queen bee (Lair:2)
  A hornet (Lair:6)
  A wind drake (Lair:6)
  3 trolls
  Grinder (D:3)
  7 dream sheep
  A meliai zombie (D:12)
  A hippogriff (shapeshifter) (Elf:1)
  15 blink frogs
  10 slime creatures
  12 hippogriffs
  An air elemental (Elf:1)
  3 redbacks (Lair:4)
  2 wraiths (D:14)
  5 wyverns
  15 humans
  4 basilisks
  A water elemental (Elf:1)
  59 yaks
  A hungry ghost (D:8)
  3 vampire mosquitoes (D:14)
  6 wargs
  3 ice beasts
  9 porcupines
  13 water moccasins
  A hornet zombie (D:5)
  A black bear (D:10)
  2 eyes of draining
  44 orc warriors
  2 phantoms (D:12)
  6 sky beasts
  19 ogres
  4 boggarts (D:14)
  19 wolves
  11 centaurs
  11 crocodiles
  7 big kobolds
  12 bullfrogs
  2 earth elementals (D:12)
  A water moccasin skeleton (D:12)
  4 scorpions
  48 killer bees
  12 wights
  An electric eel (D:10)
  4 howler monkeys
  4 crimson imps
  4 centaur skeletons
  6 hounds
  4 jellies
  47 orc priests
  2 quasits (D:11)
  Crazy Yiuf (D:3)
  4 iguanas
  24 orc wizards
  9 worker ants
  A hound skeleton (D:8)
  Robin (D:3)
  A worker ant zombie (D:9)
  6 adders
  9 river rats
  5 shadow imps
  3 oozes
  An adder zombie (D:6)
  2 worms
  5 leopard geckos
  165 orcs
  A ball python (D:2)
  5 giant cockroaches
  14 goblins
  14 hobgoblins
  10 jackals
  10 kobolds
  4 quokkas
  5 bats
  6 frilled lizards
  A jackal skeleton (D:5)
  20 rats
  4 rat zombies (D:2)
  A fungus (Lair:5)
955 creatures vanquished.

Vanquished Creatures (others)
  Nessos (Lair:5)
  2 dancing weapons (Elf:1)
  An orc warrior (D:10)
  4 wolves (Lair:6)
  6 centaurs
  An orc priest (D:10)
  A worm (D:2)
  An orc (Orc:2)
  11 fungi
  11 plants
39 creatures vanquished.

Grand Total: 994 creatures vanquished

Notes
Turn   | Place    | Note
-------+----------+-------------------------------------------
     0 | D:1      | Blackbelt the Formicid Fighter began the quest for the Orb.
     0 | D:1      | Reached XP level 1. HP: 18/18 MP: 1/1
   119 | D:1      | Reached XP level 2. HP: 19/24 MP: 2/2
   297 | D:1      | Found a glowing golden altar of the Shining One.
   496 | D:1      | Reached XP level 3. HP: 29/29 MP: 3/3
   898 | D:2      | Reached XP level 4. HP: 35/35 MP: 4/4
  1133 | D:2      | Found a stormy altar of Qazlal.
  1304 | D:2      | Found an ancient bone altar of Kikubaaqudgha.
  1683 | D:3      | Noticed Grinder
  1820 | D:3      | Reached XP level 5. HP: 29/49 MP: 5/5
  1954 | D:3      | Reached XP level 6. HP: 51/56 MP: 6/6
  1984 | D:3      | Killed Grinder
  1984 | D:3      | Reached XP level 7. HP: 29/61 MP: 7/7
  2197 | D:3      | Found a runed door.
  2201 | D:3      | Noticed Crazy Yiuf
  2219 | D:3      | Killed Crazy Yiuf
  2302 | D:3      | Noticed Robin
  2353 | D:3      | Killed Robin
  3343 | D:4      | Reached XP level 8. HP: 65/68 MP: 8/8
  3669 | D:5      | Entered Level 5 of the Dungeon
  3940 | D:5      | Found an iron altar of Okawaru.
  3992 | D:5      | Reached skill level 10 in Maces & Flails
  4536 | D:5      | Found a staircase to the Ecumenical Temple.
  4541 | Temple   | Entered the Ecumenical Temple
  4638 | Temple   | Became a worshipper of Gozag Ym Sagoz the Greedy
  4825 | D:6      | Reached XP level 9. HP: 49/74 MP: 9/9
  6604 | D:7      | Found a hazy altar of Hepliaklqana.
  7137 | D:8      | Noticed a two-headed ogre
  7172 | D:8      | Noticed a slime creature
  7172 | D:8      | Noticed a slime creature
  7172 | D:8      | Noticed a slime creature
  7199 | D:7      | Killed a slime creature
  7205 | D:7      | Killed a slime creature
  7210 | D:7      | Killed a slime creature
  7690 | D:8      | Reached XP level 10. HP: 77/80 MP: 10/10
  7700 | D:8      | Found a sparkling altar of Nemelex Xobeh.
  8183 | D:8      | Reached skill level 5 in Shields
  8321 | D:8      | Noticed LarsimusPrime's ghost (novice MiBe)
  8398 | D:8      | Killed a two-headed ogre
  8745 | D:8      | Killed LarsimusPrime's ghost
  9023 | D:9      | Noticed Joseph
  9328 | D:9      | Reached XP level 11. HP: 85/86 MP: 11/11
  9332 | D:9      | Noticed Gastronok
  9345 | D:9      | Killed Gastronok
  9547 | D:9      | Found a staircase to the Orcish Mines.
  9921 | D:9      | Killed Joseph
 10084 | D:9      | Found a staircase to the Lair.
 10604 | D:9      | Found a burning altar of Makhleb.
 10606 | D:9      | Found a radiant altar of Vehumet.
 10667 | Orc:1    | Entered Level 1 of the Orcish Mines
 10869 | Orc:1    | Noticed an orc warlord
 10915 | D:9      | You fall through a shaft for 2 floors!
 11092 | D:11     | Reached skill level 10 in Armour
 11092 | D:11     | Reached XP level 12. HP: 40/92 MP: 12/12
 11640 | D:10     | Entered Level 10 of the Dungeon
 13552 | Orc:2    | Entered Level 2 of the Orcish Mines
 14017 | Orc:2    | Noticed a two-headed ogre
 14033 | Orc:2    | Killed a two-headed ogre
 14376 | Orc:2    | Found a roughly hewn altar of Beogh.
 14452 | Orc:2    | Reached skill level 1 in Dodging
 14893 | Orc:2    | Reached XP level 13. HP: 101/101 MP: 13/13
 14909 | Orc:2    | Found Qeever's Jewellery Boutique.
 14919 | Orc:2    | Found Antuenen's Book Shop.
 15213 | Orc:2    | Reached skill level 10 in Fighting
 15501 | Orc:2    | Reached skill level 2 in Dodging
 15643 | Orc:2    | Got a bloodstained ring mail
 15654 | Orc:2    | Identified the +5 ring mail "Jyxiosap" {Int+4} (You found it on level 2 of the Orcish Mines)
 15710 | Orc:2    | Found a staircase to the Elven Halls.
 16583 | Orc:2    | Noticed Saint Roka
 16963 | Orc:1    | Bought a twisted mace for 176 gold pieces
 16963 | Orc:1    | Identified the +9 mace of Severance {crush, MR++} (You bought it in a shop on level 1 of the Orcish Mines)
 17054 | Lair:1   | Entered Level 1 of the Lair of Beasts
 17281 | Lair:1   | Reached skill level 3 in Dodging
 17401 | Lair:1   | Bought the +5 ring mail "Lusadul" {+Blink rPois rF++ Int-5} for 813 gold pieces
 17714 | Lair:1   | Reached skill level 4 in Dodging
 18131 | Lair:2   | Noticed a four-headed hydra
 18139 | Lair:2   | Killed a four-headed hydra
 18156 | Lair:2   | Reached skill level 5 in Dodging
 18377 | Lair:2   | Found a staircase to the Shoals.
 18446 | Lair:2   | Reached skill level 6 in Dodging
 18860 | Lair:2   | Reached skill level 7 in Dodging
 18860 | Lair:2   | Reached XP level 14. HP: 107/114 MP: 14/14
 18907 | Lair:2   | Identified a scroll of acquirement
 19552 | Lair:3   | Got an ancient platinum amulet
 19554 | Lair:3   | Identified the amulet "Ucamups" {+Rage rC+ rN+ Str+3} (You found it on level 3 of the Lair of Beasts)
 19603 | Lair:3   | Reached skill level 8 in Dodging
 20286 | Lair:3   | Reached skill level 9 in Dodging
 20332 | Lair:3   | Noticed Nergalle
 20341 | Lair:3   | Killed Nergalle
 21154 | Lair:4   | Reached skill level 10 in Dodging
 21401 | Lair:4   | Found a hole to the Spider Nest.
 22540 | Lair:5   | Reached skill level 11 in Dodging
 22542 | Lair:5   | Noticed Nessos
 22559 | Lair:5   | Killed Nessos
 22902 | Lair:5   | Noticed Snorg
 22932 | Lair:5   | Killed Snorg
 23564 | Lair:5   | Reached XP level 15. HP: 98/120 MP: 15/15
 23840 | Lair:6   | Entered Level 6 of the Lair of Beasts
 24003 | Lair:6   | Reached skill level 12 in Dodging
 24557 | Lair:6   | Reached skill level 13 in Dodging
 25525 | Lair:6   | Found a viscous altar of Jiyva.
 25525 | Lair:6   | Found a staircase to the Slime Pits.
 25549 | Lair:6   | Reached skill level 14 in Dodging
 25579 | Lair:6   | Bought the +7 Kryia's mail coat {PotionHeal*2 rC+} for 2100 gold pieces
 25579 | Lair:6   | Found the +7 Kryia's mail coat {PotionHeal*2 rC+}
 25763 | D:9      | Killed an orc warlord
 26031 | Orc:2    | Killed Saint Roka
 26379 | Orc:2    | Found a roughly hewn altar of Beogh.
 26469 | Orc:2    | Found Zuodifil's General Store.
 26476 | Orc:2    | Bought a ration for 80 gold pieces
 26476 | Orc:2    | Bought a ration for 80 gold pieces
 26566 | Orc:2    | Found Nefemequahy's Book Boutique.
 26571 | Orc:2    | Reached XP level 16. HP: 113/127 MP: 16/16
 27386 | D:11     | Reached skill level 15 in Dodging
 27699 | D:12     | Found Ycihy's Antique Weapon Boutique.
 28174 | D:12     | Found Kidoe's Assorted Antiques.
 28177 | D:12     | Got an iridescent lajatang {freeze}
 28178 | D:12     | Identified the +7 lajatang of Ceydyod {freeze, -Tele rPois MR+ Int+4} (You took it off a wight on level 12 of the Dungeon)
 28254 | D:12     | Bought a polished chain mail for 247 gold pieces
 28264 | D:12     | Identified the +7 chain mail "Inlokh" {Regen+} (You bought it in a shop on level 12 of the Dungeon)
 28318 | D:12     | Reached skill level 1 in Staves
 28392 | D:12     | Noticed Frances
 28435 | D:12     | Killed Frances
 28698 | D:12     | Got a dazzling ring mail
 28709 | D:12     | Identified the +4 ring mail of Jefon {rElec rN+ Stlth+} (You found it on level 12 of the Dungeon)
 28731 | D:12     | Noticed nago's ghost (journeyman GnEE)
 28741 | D:12     | Killed nago's ghost
 28772 | D:12     | Found Ungek's Pet Rocks.
 28961 | D:12     | Found Zutug's Antique Armour Emporium.
 29197 | D:13     | Found Bidusott's Distillery.
 29226 | D:13     | Bought a potion of might for 56 gold pieces
 29226 | D:13     | Bought a potion of agility for 56 gold pieces
 29226 | D:13     | Bought a potion of agility for 56 gold pieces
 29406 | D:13     | Reached skill level 5 in Staves
 29464 | D:13     | Noticed Urug
 29470 | D:13     | Noticed Rupert
 29485 | D:13     | You fall through a shaft!
 29697 | D:13     | Found a gate to the Vaults.
 29697 | D:13     | Noticed Maurice
 29807 | D:13     | Killed Rupert
 29857 | D:13     | Killed Maurice
 30007 | D:13     | Killed Urug
 30607 | D:14     | Got a jewelled ring mail
 30618 | D:14     | Identified the cursed +1 ring mail of Honour {rN+ Int+3} (You found it on level 14 of the Dungeon)
 31016 | D:14     | Got a transparent buckler
 31027 | D:14     | Identified the +0 buckler of the Shining Light {rElec Stlth+} (You found it on level 14 of the Dungeon)
 31056 | D:14     | Reached XP level 17. HP: 133/133 MP: 17/17
 31316 | D:15     | Entered Level 15 of the Dungeon
 31468 | D:15     | Found a hide-covered altar of Uskayaw.
 31477 | D:15     | Reached skill level 10 in Staves
 31609 | D:15     | Found a staircase to the Depths.
 32118 | D:15     | Got a fine bronze amulet
 32235 | D:15     | Identified the amulet of Veck {+Rage +Inv rElec rPois Dex+3} (You found it on level 15 of the Dungeon)
 32534 | Elf:1    | Entered Level 1 of the Elven Halls
 33090 | Elf:1    | You fall through a shaft!
 33103 | Elf:2    | You fall through a shaft!
 33103 | Elf:3    | Entered Level 3 of the Elven Halls
 33103 | Elf:3    | Noticed a deep elf blademaster
 33106 | Elf:3    | Noticed an Executioner
 33108 | Elf:3    | Killed from afar by a deep elf mage

Vault maps used:
D:1:      minmay_arrival_diagonal_passages, tso_altar
D:2:      lemuel_zombie_altar_kikubaaqudgha, grunt_qazlal_clouds
D:3:      serial_park_tiny_2, uniq_crazy_yiuf_cottage, uniq_grinder, uniq_robin
D:4:      nrook_loot_triangle
D:5:      temple_doors_ab, first_ration, roderic_roman_lattice, okawaru_trees_1
D:6:      minmay_misc_feat_four_crosses, dk_rats_in_the_wall
D:7:      old_standard_altar
D:8:      nemelex_lonely_heart_becter
D:9:      grunt_temple_overflow_lords_of_destruction, erik_lair_orcish_takeover,
          hiddenorc2_lemuel, uniq_gastronok, uniq_joseph
D:10:     minmay_beelzebubs_servants
D:11:     hangedman_ranch
D:12:     serial_shops, kennysheep_mini, shop_fountains,
          nicolae_shop_behind_doors, special_room, guppyfry_shop_earth,
          uniq_frances
D:13:     david_vaults_3, serial_shops, shop, minmay_misc_feat_tiny,
          uniq_maurice
D:14:     grunt_decor_arrowhead
D:15:     grunt_enter_depths_hoard, serial_park_paths, basic_altar,
          minmay_misc_feat_encased
Temple:   eino_temple_scatter_basement
Lair:2:   regret_index_tunnel_blossom, minmay_shoals_entry_lonely_mermaid,
          minivault_27, serial_bayou_pond_e
Lair:3:   hibernation_bobbens, uniq_nergalle
Lair:4:   spider_nest_entry_a, st_stairs_4, infiniplex_staircase_pool_2
Lair:5:   grunt_megastairs_3, uniq_snorg, uniq_nessos
Lair:6:   gammafunk_lair_ancient_temple, dpeg_slime_entry_enclosed_altar,
          grunt_forest_large_clearings
Orc:2:    pubby_orc_utopia
Elf:1:    minmay_elf_demonology
Elf:2:    serial_shops, nicolae_shop_window_shopping
Elf:3:    elf_hall

Skill      XL: |  1  2  3  4  5  6  7  8  9 10 11 12 13 14 15 16 17 |
---------------+----------------------------------------------------+-----
Maces & Flails | 3 4 8 9 10 11 12 | 12.4
Fighting       | 7 9 11 | 11.8
Armour         | 7 10 13 | 13.0
Shields        | 9 12 | 12.1
Dodging        | 1 7 11 14 15 | 15.2
Staves         | 9 12 | 12.0

Action                   |  1- 3 |  4- 6 |  7- 9 | 10-12 | 13-15 | 16-18 || total
-------------------------+-------+-------+-------+-------+-------+-------++-------
Melee: Flail             |    61 |   106 |       |       |       |       ||   167
       Mace              |       |    28 |   542 |       |   545 |       ||  1115
       Dire flail        |       |       |    84 |   950 |   244 |       ||  1278
       Great mace        |       |       |       |       |   575 |   199 ||   774
       Lajatang          |       |       |       |       |       |   611 ||   611
Throw: Throwing net      |       |       |     1 |       |       |       ||     1
Invok: Potion Petition   |       |       |       |       |     4 |     4 ||     8
       Call Merchant     |       |       |       |       |     3 |       ||     3
 Abil: Dig               |       |     1 |     6 |     9 |    11 |     7 ||    34
       Shaft Self        |       |       |       |     1 |       |     3 ||     4
Evoke: Wand              |       |       |       |     5 |       |     2 ||     7
  Use: Scroll            |       |     8 |     8 |     3 |    17 |     4 ||    40
       Potion            |       |     2 |     1 |     2 |     5 |     1 ||    11
 Stab: Distracted        |       |       |       |     6 |     9 |     1 ||    16
  Eat: Chunk             |       |     1 |     8 |       |       |       ||     9
       Ration            |       |     1 |     3 |     9 |    12 |     7 ||    32
Armor: Scale mail        |    38 |    57 |    39 |       |    14 |   171 ||   319
       Chain mail        |       |       |   164 |   184 |    12 |       ||   360
       Skin              |       |       |       |     6 |       |       ||     6
       Ring mail         |       |       |       |       |   243 |       ||   243
Dodge: Dodged            |    22 |    42 |    97 |   120 |   624 |   397 ||  1302
Block: Shield            |    44 |    67 |   280 |   552 |   939 |   334 ||  2216
       Reflection        |       |       |     7 |    39 |    13 |       ||    59
       Buckler           |       |       |       |       |       |    49 ||    49

Table legend:
 A = Spawn XP
 B = Non-spawn XP
 C = Spawn XP percentage of total XP
 D = Spawn monster count
 E = Non-spawn monster count
 F = Spawn count percentage of total count
 G = Total turns spent on level
                    A         B        C        D         E        F      G
               +---------+---------+-------+---------+---------+-------+---------
         Total |       0 |  179369 |   0.0 |       0 |     966 |   0.0 | 33108
               +---------+---------+-------+---------+---------+-------+---------
           D:1 |       0 |      65 |   0.0 |       0 |      17 |   0.0 |   746
           D:2 |       0 |      45 |   0.0 |       0 |      23 |   0.0 |  1113
           D:3 |       0 |     509 |   0.0 |       0 |      42 |   0.0 |   933
           D:4 |       0 |     316 |   0.0 |       0 |      16 |   0.0 |   877
           D:5 |       0 |     624 |   0.0 |       0 |      15 |   0.0 |   888
           D:6 |       0 |     596 |   0.0 |       0 |      39 |   0.0 |  1248
           D:7 |       0 |    1660 |   0.0 |       0 |      18 |   0.0 |  1784
           D:8 |       0 |    3045 |   0.0 |       0 |      29 |   0.0 |  1463
           D:9 |       0 |    8103 |   0.0 |       0 |      70 |   0.0 |  1854
          D:10 |       0 |    4422 |   0.0 |       0 |      41 |   0.0 |  1635
          D:11 |       0 |    6334 |   0.0 |       0 |      38 |   0.0 |  1062
          D:12 |       0 |   15850 |   0.0 |       0 |      78 |   0.0 |  1538
          D:13 |       0 |   11968 |   0.0 |       0 |      39 |   0.0 |   993
          D:14 |       0 |   14898 |   0.0 |       0 |      45 |   0.0 |  1160
          D:15 |       0 |    9968 |   0.0 |       0 |      20 |   0.0 |  1089
        Lair:1 |       0 |    3455 |   0.0 |       0 |      15 |   0.0 |   971
        Lair:2 |       0 |    9466 |   0.0 |       0 |      54 |   0.0 |  1480
        Lair:3 |       0 |    6935 |   0.0 |       0 |      26 |   0.0 |  1276
        Lair:4 |       0 |   10680 |   0.0 |       0 |      43 |   0.0 |  2116
        Lair:5 |       0 |    8094 |   0.0 |       0 |      22 |   0.0 |  1037
        Lair:6 |       0 |   23834 |   0.0 |       0 |      77 |   0.0 |  1803
         Orc:1 |       0 |    1593 |   0.0 |       0 |      35 |   0.0 |  1617
         Orc:2 |       0 |   23829 |   0.0 |       0 |     144 |   0.0 |  3744
         Elf:1 |       0 |   13080 |   0.0 |       0 |      20 |   0.0 |   556
               +---------+---------+-------+---------+---------+-------+---------
